Cogmind - Beta 15 @@@ ROGUE MODE // 2025.10.16 @ 20:58:48 Player: beans Result: Destroyed by as-18724 with Assembled Heavy Rifle Performance ------------- Evolutions (0) 0 Regions Visited (4) 800 Robots Destroyed (13) 65 Value Destroyed (144) 144 Prototype IDs (23) 460 Alien Tech Used (0) 0 Bonus (333) 333 TOTAL SCORE: 1802 Bonus ------- Follower Combat Kills 33 Aligned with FarCom 300 Cogmind --------- Core Integrity 0/250 Matter 270/300 Energy 80/100 System Corruption 3% Temperature Cool (0) Movement Core (50) Location -9/Mines Parts ------- > --- POWER (1) -------- (None) > --- PROPULSION (2) --- (None) > --- UTILITY (2) ------ Targeting Computer Targeting Computer > --- WEAPON (2) ------- Longsword +1 > --- INVENTORY (5) ---- Faulty Experimental Sensor Array ECM Suite Heavy Assault Rifle Heavy Assault Rifle Peak State ------------ > --- POWER ------------ Light Angular Momentum Engine > --- PROPULSION ------- Aluminum Leg Carbon-fiber Leg > --- UTILITY ---------- Targeting Computer Targeting Computer > --- WEAPON ----------- Heavy Assault Rifle Heavy Assault Rifle > --- INVENTORY -------- Improved Heat Sink Experimental Sensor Array ECM Suite Assault Rifle Longsword +1 [Rating: 17] Favorites ----------- Power Light Angular Momentum Engine Engine Light Angular Momentum Engine Propulsion Aluminum Leg Leg Aluminum Leg Utility Targeting Computer Processor Targeting Computer Weapon Heavy Assault Rifle Ballistic Gun Heavy Assault Rifle Slashing Weapon Longsword +1 Build | -11 -10 -10 -10 -9 ------- Run | Yrd Mat Min Exi Min Slots Evolved . | . . . . . Power . | . . . . . Propulsion . | . . . . . Utility . | . . . . . Weapon . | . . . . . Parts Attached 12 | 4 . 7 . 1 Power 2 | 1 . 1 . . Engine 2 | 1 . 1 . . Core . | . . . . . Reactor . | . . . . . Propulsion 3 | 2 . 1 . . Treads . | . . . . . Leg 3 | 2 . 1 . . Wheel . | . . . . . Hover . | . . . . . Flight . | . . . . . Utility 2 | . . 2 . . Device . | . . . . . Storage . | . . . . . Processor 2 | . . 2 . . Hackware . | . . . . . Protection . | . . . . . Artifact . | . . . . . Weapon 5 | 1 . 3 . 1 Energy Gun . | . . . . . Energy Cannon . | . . . . . Ballistic Gun 4 | 1 . 3 . . Ballistic Cannon . | . . . . . Launcher . | . . . . . Special Weapon . | . . . . . Impact Weapon . | . . . . . Slashing Weapon 1 | . . . . 1 Piercing Weapon . | . . . . . Special Melee Weapon . | . . . . . Unidentified Prototypes . | . . . . . Parts Lost 4 | . . 2 . 2 Power 2 | . . 1 . 1 Propulsion 2 | . . 1 . 1 Utility . | . . . . . Weapon . | . . . . . Highest Loss Streak 2 | . . 2 . 2 To Critical Strikes . | . . . . . Average Backups 3 | . . 3 5 5 Power . | . . . . . Propulsion . | . . . . . Utility 2 | . . 2 3 2 Weapon 1 | . . 1 2 2 Tool/Special . | . . . . . Unused Backups 5 | 2 . . . 3 Power . | . . . . . Propulsion 2 | 2 . . . . Utility 3 | . . . . 3 Weapon . | . . . . . Tool/Special . | . . . . . Average Slot Usage (%) 81 | . 57 72 100 86 Engine 12 | . 14 10 14 11 Leg 25 | . 28 24 28 22 Processor 18 | . . 11 28 28 Ballistic Gun 23 | . 14 23 28 22 Peak Build Rating 17 | 4 4 16 17 17 Average Rating 11 | 2 4 8 16 14 On Entrance 8 | . 4 4 16 17 Naked Turns . | . . . . . Heaviest Build 15 | 7 7 15 15 15 Greatest Support 25 | 20 20 25 25 25 Greatest Overweight (x) . | . . . . . Average Overweight (x) . | . . . . . Largest Inventory Capacity 5 | 5 5 5 5 5 Average Capacity 5 | 5 5 5 5 5 Most Carried 5 | 3 1 5 5 5 Average Carried 3 | . . 3 5 4 Final Capacity 5 | 5 5 5 5 5 Final Carried 5 | . 1 5 5 4 Class Distribution -------------------- 54% | Scavenger-Mutant 45% | Mutant Dominant Class ---------------- Mutant | -10/Materials Mutant | -10/Mines Scavenger-Mutant | -10/Exiles Scavenger-Mutant | -9/Mines Resources | -11 -10 -10 -10 -9 ----------- Run | Yrd Mat Min Exi Min Matter Collected 442 | 147 . 295 . . Remotely . | . . . . . Salvage Created 321 | . 46 264 . 11 Parts 24 | . 3 21 . . Haulers Intercepted 1 | . 1 . . . Recyclers Shooed 5 | . 2 3 . . Parts Field Recycled . | . . . . . Retrieved Matter . | . . . . . Parts Self-Destructed . | . . . . . Prevented . | . . . . . Kills | -11 -10 -10 -10 -9 ------- Run | Yrd Mat Min Exi Min Combat Hostiles Destroyed 11 | . . 10 . 1 Melee 1 | . . . . 1 Guns 10 | . . 10 . . Classes Destroyed 6 | . 1 4 . 1 Worker 1 | . . 1 . . Hauler 1 | . 1 . . . Recycler 1 | . . 1 . . Swarmer 9 | . . 9 . . Sentry 1 | . . 1 . . Assembled 1 | . . . . 1 Best Kill Streak 3 | . 1 3 . 1 Combat Bots Only 3 | . . 3 . 1 Max Kills in Single Turn 2 | . 1 2 . 1 Gunslinging 1 | . . 1 . . Exploded . | . . . . . Melee 1 | . . . . 1 Uniques/NPCs Destroyed . | . . . . . Combat | -11 -10 -10 -10 -9 -------- Run | Yrd Mat Min Exi Min Hostile Shots Fired 84 | . . 61 . 23 Missed 19 | . . 15 . 4 Hits 65 | . . 46 . 19 Melee 9 | . . . . 9 Projectile 56 | . . 46 . 10 Part Disruptions 1 | . . . . 1 Damage Taken 872 | . . 436 . 436 Core 261 | . . 61 . 200 Absorbed by Shields . | . . . . . Core Remaining (%) 100 | 100 . . . . Volleys Fired 39 | . 10 27 . 2 Largest 2 | . 1 2 . 2 Hottest 46 | . 20 46 . 46 Shots Fired 54 | . 10 40 . 4 Gun 54 | . 10 40 . 4 Cannon . | . . . . . Launcher . | . . . . . Special . | . . . . . Kinetic 54 | . 10 40 . 4 Thermal . | . . . . . Explosive . | . . . . . Electromagnetic . | . . . . . Robot Hit Streak 4 | . 4 3 . 2 Robot Miss Streak 2 | . 1 2 . 1 Penetration Max . | . . . . . Secondary Targets 1 | . . 1 . . Max Gunslinging Chain 1 | . . 1 . . Shots Hit Robots 34 | . 7 23 . 4 Core Hits 21 | . 3 16 . 2 Critical Kills . | . . . . . Critical Parts Destroyed . | . . . . . Critical Strikes . | . . . . . Melee Attacks 2 | . . . . 2 Impact . | . . . . . Slashing 2 | . . . . 2 Piercing . | . . . . . Sneak Attacks . | . . . . . Combat Hostiles . | . . . . . Follow-up Attacks . | . . . . . Damage Inflicted 492 | . 95 301 . 96 Guns 442 | . 95 301 . 46 Cannons . | . . . . . Explosions . | . . . . . Melee 50 | . . . . 50 Ramming . | . . . . . Kinetic 442 | . 95 301 . 46 Thermal . | . . . . . Explosive . | . . . . . Electromagnetic . | . . . . . Impact . | . . . . . Slashing 50 | . . . . 50 Piercing . | . . . . . Highest Corruption 3 | . . . . 3 Average Corruption 3 | . . . . 3 Corruption Purged . | . . . . . Corruption Blocked . | . . . . . Effects 1 | . . . . 1 Data Loss (major) 1 | . . . . 1 Overload Shots . | . . . . . Overflow Damage . | . . . . . Projectiles . | . . . . . Explosions . | . . . . . Melee . | . . . . . Knockbacks . | . . . . . Impact . | . . . . . Kinetic . | . . . . . Secondary . | . . . . . Self-Inflicted Damage . | . . . . . Shots . | . . . . . Rammed . | . . . . . Targets Rammed . | . . . . . Kicked . | . . . . . Crushed . | . . . . . Highest Temperature 17 | . . 13 . 17 Average Temperature 11 | . . 10 . 12 Received Heat Transfer 96 | . . 36 . 60 Siege Activations . | . . . . . Martial Activations . | . . . . . Shielding Activations . | . . . . . Robots Disrupted . | . . . . . Combat Hostiles . | . . . . . Robots Corrupted . | . . . . . Combat Hostiles . | . . . . . Parts Fried . | . . . . . Impact Corruptions . | . . . . . Robots Melted . | . . . . . Combat Hostiles . | . . . . . Parts Melted . | . . . . . Heat Transferred . | . . . . . Parts Sabotaged . | . . . . . Parts Stolen . | . . . . . Parts Stripped . | . . . . . Power Chain Reactions . | . . . . . Alert | -11 -10 -10 -10 -9 ------- Run | Yrd Mat Min Exi Min Maximum Alert Level . | . . . . . Low Security (%) 100 | 100 100 100 . 100 Level 1 . | . . . . . Level 2 . | . . . . . Level 3 . | . . . . . Level 4 . | . . . . . Level 5 . | . . . . . High Security . | . . . . . Max Security . | . . . . . Peak Influence 110 | . 7 110 . . Initial . | . . . . . Average 37 | . . 76 . . Influence Increases 269 | . 7 262 . . Destroy 0b10 Robot/C 220 | . . 220 . . Destroy 0b10 Robot/NC 15 | . 5 10 . . Destroy Leader 32 | . 2 30 . . Allied During Kill 2 | . . 2 . . Influence Decreases 269 | . 7 200 62 . Entered New Map 62 | . . . 62 . Time Decay 167 | . 7 160 . . Lost Part 20 | . . 20 . . Lost Ally 20 | . . 20 . . Squads Dispatched 1 | . 1 . . . Investigation . | . . . . . Extermination . | . . . . . Reinforcement 1 | . 1 . . . Assault . | . . . . . Garrison . | . . . . . Intercept . | . . . . . Searches Triggered . | . . . . . Construction Impeded . | . . . . . Haulers Reinforced . | . . . . . Active Scanning Responses . | . . . . . Cargo Convoy Interrupts . | . . . . . Stealth | -11 -10 -10 -10 -9 --------- Run | Yrd Mat Min Exi Min Distress Signals . | . . . . . Communications Jammed . | . . . . . Distress Signals . | . . . . . Times Spotted 29 | . 1 11 . 17 Peak Tracking Total 14 | . 1 3 . 14 Tactical Retreats 2 | . . . . 2 Traps | -11 -10 -10 -10 -9 ------- Run | Yrd Mat Min Exi Min Traps Triggered . | . . . . . Indirectly . | . . . . . Trap Hack Attempts . | . . . . . Triggered . | . . . . . Disarmed . | . . . . . Reprogrammed . | . . . . . Reused . | . . . . . Traps Extracted . | . . . . . Installed . | . . . . . Triggered . | . . . . . Machines | -11 -10 -10 -10 -9 ---------- Run | Yrd Mat Min Exi Min Machines Disabled . | . . . . . Max in Single Turn . | . . . . . Machines Repaired . | . . . . . Machines Dismantled . | . . . . . Machines Sabotaged . | . . . . . Overloaded Fab Kills . | . . . . . Hacking | -11 -10 -10 -10 -9 --------- Run | Yrd Mat Min Exi Min Machines Accessed 1 | . . . 1 . Terminals . | . . . . . Fabricators . | . . . . . Repair Stations . | . . . . . Recycling Units . | . . . . . Scanalyzers . | . . . . . Garrison Access . | . . . . . Total Hacks 1 | . . . 1 . Successful 1 | . . . 1 . Failed . | . . . . . Catastrophic . | . . . . . Database Lockouts . | . . . . . Manual 1 | . . . 1 . Terminals . | . . . . . Fabricators . | . . . . . Repair Stations . | . . . . . Recycling Units . | . . . . . Scanalyzers . | . . . . . Garrison Access . | . . . . . Terminal Hacks 1 | . . . 1 . Proto ID Catalog 1 | . . . 1 . Fabricator Hacks . | . . . . . Repair Station Hacks . | . . . . . Recycling Unit Hacks . | . . . . . Scanalyzer . | . . . . . Garrison Access Hacks . | . . . . . Unauthorized Hacks . | . . . . . Terminals . | . . . . . Fabricators . | . . . . . Repair Stations . | . . . . . Recycling Units . | . . . . . Scanalyzers . | . . . . . Garrison Access . | . . . . . Data Cores Recovered . | . . . . . Used . | . . . . . Hacking Detections . | . . . . . Full Trace Events . | . . . . . Feedback Events . | . . . . . Feedback Blocked . | . . . . . Robot Schematics Acquired . | . . . . . Robots Built . | . . . . . Authchips . | . . . . . Time . | . . . . . Total Robot Build Rating . | . . . . . Part Schematics Acquired . | . . . . . Parts Built . | . . . . . Authchips . | . . . . . Time . | . . . . . Total Part Build Rating . | . . . . . Parts Repaired . | . . . . . Time . | . . . . . Parts Recycled . | . . . . . Recycled Matter . | . . . . . Retrieved Matter . | . . . . . Retrieved Components . | . . . . . Parts Scanalyzed . | . . . . . Part Schematics Acquired . | . . . . . Parts Damaged . | . . . . . Bothacking | -11 -10 -10 -10 -9 ------------ Run | Yrd Mat Min Exi Min Used RIF Installer . | . . . . . Robots Hacked . | . . . . . Non-combat . | . . . . . Combat . | . . . . . Robot Hacks Applied . | . . . . . Relay Couplers Released . | . . . . . Fabnet Peak Effective % . | . . . . . Robots Rewired . | . . . . . Allies Hacked . | . . . . . Hacks Repelled . | . . . . . Allies | -11 -10 -10 -10 -9 -------- Run | Yrd Mat Min Exi Min Total Allies 1 | . . 1 . . Largest Group 1 | . . 1 . . Highest-Rated Group 31 | . . 31 . . Highest-Rated Ally 31 | . . 31 . . Total Orders . | . . . . . Ally Attacks 2 | . . 2 . . Total Damage 20 | . . 20 . . Kills 1 | . . 1 . . Allies Corrupted . | . . . . . Allies Melted . | . . . . . Intel | -11 -10 -10 -10 -9 ------- Run | Yrd Mat Min Exi Min Active Infowar (turns) . | . . . . . Robot Analysis Total . | . . . . . Derelict Logs Recovered 1 | . . . . 1 Drone Launches . | . . . . . Drone Recoveries . | . . . . . Exploration | -11 -10 -10 -10 -9 ------------- Run | Yrd Mat Min Exi Min Turns Passed 940 | 46 107 331 261 195 Spaces Moved 708 | 37 72 199 217 183 Core 68 | 12 . . . 56 Treads . | . . . . . Legs 640 | 25 72 199 217 127 Wheels . | . . . . . Hover . | . . . . . Flight . | . . . . . Fastest Speed 50 | 50 120 120 120 50 Average Speed 113 | 97 120 120 120 98 Slowest Speed 120 | 120 120 120 120 120 Overloaded Moves . | . . . . . Propulsion Burnouts . | . . . . . Robots Hopped . | . . . . . Potential Cave-ins . | . . . . . Cave-ins Triggered . | . . . . . Exploration Rate (%) 31 | 4 27 36 61 30 Regions Visited 4 Branch Regions 3 Pre-discovered Areas 1 | . . . . 1 Known Exits Taken . | . . . . . Unknown Exits Taken 4 | 1 1 1 1 . Scrap Searched . | . . . . . Spaces Dug . | . . . . . Terrain Destroyed . | . . . . . Melee . | . . . . . Projectile . | . . . . . AOE . | . . . . . Terrain Rammed . | . . . . . Walls Destroyed . | . . . . . Machines Disabled . | . . . . . Actions | -11 -10 -10 -10 -9 --------- Run | Yrd Mat Min Exi Min Total 792 | 48 82 249 218 195 Wait 9 | . . 9 . . Move 704 | 36 71 198 216 183 Hop . | . . . . . Pick Up 15 | 6 1 7 1 . Fast Attach 2 | . . 2 . . Attach 9 | 4 . 3 . 2 Detach 3 | . . . . 3 Swap 3 | . . 3 . . Drop 6 | 2 . . 1 3 Fire 39 | . 10 27 . 2 Melee 2 | . . . . 2 Ram . | . . . . . Kick . | . . . . . Crush . | . . . . . Escape Stasis . | . . . . . Rewire . | . . . . . Trap . | . . . . . Miscellaneous . | . . . . . Route ------- -11/Scrapyard -10/Materials -10/Mines -10/Exiles -9/Mines History --------- Turn | Location | Event 7 | -11/Scrapyard | Discovered new exit (range 15) 47 | -11/Scrapyard | Entered Materials 142 | -10/Materials | Discovered new exit (range 9) 154 | -10/Materials | Entered Mines 179 | -10/Mines | Met a Derelict bent on vengeance 190 | -10/Mines | Found a damaged Exp. Sensor Array with a note attached 192 | -10/Mines | Found Prototype Device 244 | -10/Mines | Escorted by a lone wolf Derelict 303 | -10/Mines | Build established: Mutant 480 | -10/Mines | Deemed a non-threat by the Exiles lab entrance 480 | -10/Mines | Discovered new exit (range 5) 485 | -10/Mines | Entered Exiles 514 | -10/Exiles | Met 8R-AWN 533 | -10/Exiles | Met EX-HEX 574 | -10/Exiles | Met EX-BIN 589 | -10/Exiles | Aligned with FarCom system 590 | -10/Exiles | Given EX-Vault access code 617 | -10/Exiles | Opened EX-Vault 625 | -10/Exiles | Found Longsword +1 649 | -10/Exiles | Warned to stay clear of 0b10 Research branches 689 | -10/Exiles | Met EX-DEC 703 | -10/Exiles | Build established: Scavenger-Mutant 729 | -10/Exiles | Discovered new exit (range 12) 746 | -10/Exiles | Left Exiles lab with Longsword +1 746 | -10/Exiles | Entered Mines 773 | -9/Mines | Learned location of Storage (-7) 871 | -9/Mines | Assembled infested the area 876 | -9/Mines | Assisted by a Guerilla fighting off Assembled 908 | -9/Mines | Core integrity fell below 50% 939 | -9/Mines | Core integrity fell below 20% 941 | -9/Mines | Destroyed by as-18724 with Assembled Heavy Rifle Last Messages --------------- Receiving FarCom transmissions... Acquired derelict log, extracted data. World map updated: -7/Storage. ALERT: Infestation in the mines, dispatching Demolisher response squad. BC-DZI(h) suffers critical hit (Destroy). BC-DZI(h) destroyed. U-05 Engineer suffers critical hit (Destroy). U-05 Engineer destroyed. Aluminum Leg destroyed. System corrupted by crushing effect (+3). Knocked back. Lgt. Angular Momentum Engine destroyed. Dropped Imp. Heat Sink. Dropped Assault Rifle. Knocked back. Dropped Carbon-fiber Leg. System corrupted: Substantial component data lost. as-83374 destroyed. Map ----- +----------------------------------------------------+ | ?????????????????????????????????????????????? | | ?????????????????????????????????????????????? | | ??????????????????????####???????????????????? | | ????????????????????### ##??????????????????? | | ????????????????????# #??????????????????? | | ????????????????????# #??????????????????? | | ????????????????????# ##?????????????????? | | ?????????????????????# ##????????????????? | | ?????????????????????# ##???????????????? | | ????????????????????## ##??????????????? | | ???????????????????## #??????????????? | | ???????????????????# #??????????????? | | ???????????????????# ##??????????????? | | ???????????????????# #???????????????? | | ??????????????????## #???????????????? | | ??????????????????# ## #???????????????? | | ??????????????????# ### #???????????????? | | ??????????????????# #?# #???????????????? | | ??????????????????## ### #############???? | | ???????????????????## ## #???? | | ???????????????????## ############## #???? | | ???????????????????# ##???###????# #???? | | ???????????????????# a #### ##???# #???? | | ??????????????????## a"""aa #???# ##??? | | ?????????????????## """ ##### ##?? | | ?????????????????# """@ ### #?? | | ?????????????????# % #### #### #?? | | ?????????????????## a####??# #?? | | ??????????????????## ##?????# #?? | | ???????????????????## ##?????######### #?? | | ????????????????????# ##????????????## #?? | | ????????????????????# ##????????????# #?? | | ????????????????????## = #????????????# #?? | | ????????????????###### ##???????????#####?? | | ????????????????# ![ #?????????????????? | | ????????????????# #?????????????????? | | ????????????# ## #?????????????????? | | ######### ### ##????????????????? | | ??" !=% #?# #????????????????? | | ???# *% #?# #????????????????? | | ???### ##### #######?# ##????????????????? | | ???????????#?????????# ##?????????????????? | | ?????????????????????# #??????????????????? | | ????????????????????## #??????????????????? | | ????????????????????# #??????????????????? | | ????????????????????# #??????????????????? | | ????????????????????# #??????????????????? | | ????????????????????# #??????????????????? | | ????????????????????# ##?????????????????? | | ????????????????????# ###???????????????? | +----------------------------------------------------+ Best States ------------- Heat Dissipation 25 Energy Generation 18 Energy Capacity 250 Matter Stores 300 Matter Capacity 300 Sight Range 16 Terrain Scan Density 10 Evasion (%) 55 Targeting Accuracy 10 Item Schematics ----------------- None Robot Schematics ------------------ None Fabricated ------------ Nothing Repaired ---------- Nothing Alien Tech Used ----------------- None Achievements -------------- None Challenges ------------ None Game ------ Seed TripodStructuralOptics Manual? 0 Play Time 00:07:41 Cumulative 188.6 hours Start 2025.10.16 @ 20:52:09 End 2025.10.16 @ 20:58:48 Sessions 1 Manual Loads 0 Difficulty Rogue Special Mode None Game No. 562 Rogue 561 Adventurer 1 Explorer 0 Win Type - Total 0 Types 0/0/0/0/0/0/0/0/0/0 Lore% 62 Gallery% 60 Achievement% 47 Wizard Run 0 Options --------- Layout 1 ASCII 0 Keyboard 0 Movement Mouse Keybinds 0 Fullscreen 1 Font 24/Smallcaps Map View 50x35 Zoom Use 0% Tactical HUD 0 Map Filters NONE Filters NONE Steam 1 RUN: af088d27-237d-4f77-a78d-f1f4e9280fd3